 Seeded DCSS version 0.32-a0-900-g30fb1b0edc (webtiles) character file.

Game seed: 202404051 (custom seed)

91 Orlauf the Twirler (level 4, -1/35 HPs)
             Began as a Demonspawn Gladiator on Apr 5, 2024.
             Killed from afar by an orc wizard (3 damage)
             ... with a puff of flame
             ... on level 3 of the Dungeon.
             The game lasted 00:02:27 (1336 turns).

Orlauf the Twirler (Demonspawn Gladiator)           Turns: 1336, Time: 00:02:30

Health: -1/35      AC: 11    Str: 16    XL:     4   Next: 34%
Magic:  4/4        EV:  4    Int:  8    God:
Gold:   76         SH:  0    Dex: 15    Spells: 3/3 levels left

rFire   . . .        a - +0 quarterstaff
rCold   + . .        (shield currently unavailable)
rNeg    . . .        f - +0 plate armour
rPois   .            c - +0 helmet
rElec   .            (no cloak)
rCorr   .            (no gloves)
SInv    .            (no boots)
Will    .....        (no amulet) Stlth
                     j - ring of protection from cold
HPRegen 0.25/turn    (no ring)
MPRegen 0.09/turn

%: no passive effects
@: confused, mighty, hasted, very quick
A: hooves 1
a: no special abilities


You were on level 3 of the Dungeon.
You visited 1 branch of the dungeon, and saw 3 of its levels.

You collected 120 gold pieces.
You spent 44 gold pieces at shops.

Inventory:

Hand Weapons
 a - a +0 quarterstaff (weapon)
Missiles
 d - 2 throwing nets (quivered)
 e - a javelin
Armour
 b - a +0 leather armour
 c - a +0 helmet (worn)
 f - a +0 plate armour (worn)
Jewellery
 j - a ring of protection from cold (left hand)
Wands
 l - a wand of warping (7)
Scrolls
 k - a scroll of poison
 n - a scroll of immolation {unknown}
 o - a scroll of identify
Potions
 g - a potion of haste
 h - a potion of ambrosia {unknown}
 i - a potion of curing {unknown}
 m - 2 potions of might
 p - 2 potions of cancellation {unknown}
 q - a potion of magic {unknown}
 r - a potion of lignification


   Skills:
 + Level 3.1 Fighting
 * Level 4.1 Staves
 - Level 1.7 Throwing
 - Level 2.6 Dodging


You had 3 spell levels left.
You didn't know any spells.
Your spell library contained the following spells:

 Spells                   Type           Power      Damage    Failure   Level
 Shock                    Conj/Air       0%         1d3       100%        1
 Lesser Beckoning         Tloc           0%         N/A       100%        2
 Maxwell's Portable Pile  Tloc           0%         2d(5-13)  100%        3
 Swiftness                Air            0%         N/A       100%        3
 Teleport Other           Tloc           0%         N/A       100%        3
 Airstrike                Air            0%         2d(0-16)  100%        4


Dungeon Overview and Level Annotations

Branches:
Dungeon (3/15)

Altars:

Shops:
D:2 !

Annotations:
D:3 Terence


Innate Abilities, Weirdness & Mutations

You have large cloven feet.


Message History

The orc wizard hits you but does no damage.
You hit the ribbon worm.
The ribbon worm is almost dead.
Terence barely misses you.
The orc wizard hits you but does no damage.
The ribbon worm bites you.
* * * LOW HITPOINT WARNING * * *
Unknown command.
You feel very mighty all of a sudden.
The orc wizard hits you but does no damage.
Terence hits you with a +0 mace.
* * * LOW HITPOINT WARNING * * *
The orc wizard barely misses you.
The ribbon worm bites you but does no damage.
You barely miss Terence.
Terence is lightly wounded.
Terence hits you but does no damage.
The orc wizard hits you but does no damage. x2
The ribbon worm bites you.
* * * LOW HITPOINT WARNING * * *
Unknown command.
Throw: 3 throwing nets
Press: ? - help, Q - select action, (/) - cycle Shift-Dir - straight line, f - Terence
Aim: Terence, wielding a +0 mace and wearing a +0 scale mail (lightly wounded, 60% to hit)
You throw a throwing net. The throwing net hits Terence.
Terence is caught in the net!
Terence is lightly wounded.
The adder hisses angrily.
You hear some strange, mumbled words.
You are confused.
Terence shouts, "Now you die!"
Terence struggles against the net.
The orc wizard hits you but does no damage.
It was a potion of haste.
You feel yourself speed up. Something hits you but does no damage.
An orc comes into view. It is wielding a +0 club.
Terence struggles against the net.
The orc wizard casts a spell at you. The puff of flame hits you.
You die...

#. #....#
#....#
#....# oo
#....#
#>:$#o#.###
#.......#
#####
#.#.#S..#
....#
#.#.#.@o#
....# # .
#.w@# ....#
.. #.{.#
..(.# #.
#)..# ....#
## .....#
#####
..[...#
........#
........#
#########


You could see Terence (caught), a ribbon worm, an orc wizard, an adder and an
orc.

Vanquished Creatures
  A gnoll (D:1)
  3 adders
  A dart slug (D:2)
  A ribbon worm (D:3)
  An orc (D:3)
  4 ball pythons
  5 endoplasms
  6 giant cockroaches
  4 goblins
  3 hobgoblins
  2 jackals (D:2)
  3 quokkas
  4 bats
  3 frilled lizards
  4 kobolds
  3 rats
48 creatures vanquished.

Notes
Turn   | Place    | Note
-------+----------+-------------------------------------------
     0 | D:1      | Orlauf the Demonspawn Gladiator began the quest for the
                  | Orb.
     0 | D:1      | Reached XP level 1. HP: 16/16 MP: 1/1
    64 | D:1      | Reached skill level 3 in Staves
    64 | D:1      | Gained mutation: You have large cloven feet. [demonic
                  | ancestry]
    64 | D:1      | Reached XP level 2. HP: 10/23 MP: 2/2
   620 | D:2      | Reached XP level 3. HP: 28/28 MP: 3/3
   809 | D:2      | Found Esupruh's Distillery.
   826 | D:2      | Bought a potion of degeneration for 11 gold pieces
   826 | D:2      | Bought a potion of lignification for 33 gold pieces
  1121 | D:3      | Reached XP level 4. HP: 34/34 MP: 4/4
  1137 | D:3      | Reached skill level 4 in Staves
  1324 | D:3      | Noticed Terence
  1336 | D:3      | Killed from afar by an orc wizard

Illustrated notes

Levels and vault maps discovered:
D:1:      scummos_arrival_simple_fountains, layout_basic, minmay_tetromino_s2
D:2:      layout_rooms, serial_shops, shop
D:3:      kennysheep_the_goblin_king, layout_rooms,
          chequers_ecumenical_altar_twisty, uniq_terence

Skill      XL: |  1  2  3  4 |
---------------+-------------+-----
Staves         | 3 4 |  4.1
Fighting       | 3 |  3.1
Throwing       | |  1.7
Dodging        | |  2.6

Action                     |  1- 3 |  4- 6 || total
---------------------------+-------+-------++-------
  Melee: Quarterstaff      |    94 |    35 ||   129
         Kick              |    15 |     5 ||    20
  Throw: Throwing net      |       |     1 ||     1
    Use: Scroll            |     5 |       ||     5
         Potion            |       |     2 ||     2
 Armour: Plate armour      |   106 |    55 ||   161
         Leather armour    |     1 |       ||     1
  Dodge: Dodged            |    17 |    11 ||    28

Table legend: (Time is in decaauts)
 A = Elapsed time spent in this place.
 B = Non-inter-level travel time spent in this place.
 C = Inter-level travel time spent in this place.
 D = Time resting spent in this place.
 E = Time spent auto-exploring this place.
 F = Levels seen in this place.
 G = Mean time per level.
                   A        B        C        D        E       F      G
               +--------+--------+--------+--------+--------+-----+--------+
         Total |   1349 |   1323 |     26 |     87 |    900 |   3 |  449.7 |
       Dungeon |   1349 |   1323 |     26 |     87 |    900 |   3 |  449.7 |
               +--------+--------+--------+--------+--------+-----+--------+

Top non-repeatable levels by time:
     D:1: 612 daAuts
     D:2: 514 daAuts
     D:3: 223 daAuts
